 Dungeon Crawl Stone Soup version 0.31.0-9-g3a7656b989 (webtiles) character file.

Game seed: 948150389978483877

32 qw the Shooter (level 3, 0/20 HPs)
             Began as a Deep Elf Hunter on Feb 2, 2024.
             Succumbed to their own poison gas
             ... on level 1 of the Dungeon.
             The game lasted 00:00:03 (504 turns).

qw the Shooter (Deep Elf Hunter)                     Turns: 504, Time: 00:00:03

Health: 0/20       AC:  7    Str: 10    XL:     3   Next: 8%
Magic:  5/5        EV: 11    Int: 13    God:
Gold:   69         SH:  0    Dex: 18    Spells: 2/2 levels left

rFire   . . .        a - +0 shortbow (flame)
rCold   . . .        (shield currently unavailable)
rNeg    . . .        d - +0 ring mail
rPois   .            j - +0 helmet
rElec   .            k - +0 cloak
rCorr   .            (no gloves)
SInv    .            (no boots)
Will    .....        (no amulet)
Stlth   +            (no ring)
HPRegen 0.23/turn    (no ring)
MPRegen 0.09/turn

%: no passive effects
@: lethally poisoned (0 -> -5)
A: no striking features
a: no special abilities


You were on level 1 of the Dungeon.
You visited 1 branch of the dungeon, and saw 1 of its levels.

You collected 69 gold pieces.


   Skills:
 - Level 1.5 Fighting
 + Level 6.7 Ranged Weapons
 - Level 2.4 Dodging
 - Level 1.2 Stealth


You had 2 spell levels left.
You didn't know any spells.
Your spell library was empty.

Inventory:

Hand Weapons
 a - a +0 shortbow of flaming (weapon)
Armour
 d - a +0 ring mail (worn)
 j - a +0 helmet (worn)
 k - a +0 cloak (worn)

Dungeon Overview and Level Annotations

Branches:
Dungeon (1/15)

Altars:

Shops:
D:1 =


Message History

493 ||| IDENTIFYING metallic emerald potion
f - a potion of berserk rage Done exploring.
494 ||| READING 3 scrolls labelled JUYPHUL WIOTH.
Blink to where?
Press: ? - help, Dir - move target, f - you
As you read the scroll labelled JUYPHUL WIOTH, it crumbles to dust.
It was a scroll of blinking.
Done exploring.
495 ||| DROPPING scroll of butterflies.
You drop a scroll of butterflies.
Done exploring.
496 ||| DROPPING potion of berserk rage.
You drop a potion of berserk rage.
Done exploring.
497 ||| DROPPING 2 scrolls of blinking.
You drop 2 scrolls of blinking.
Done exploring.
What level of the Dungeon? (default 1, ? - help) Sorry, I don't know how to get there.
Enter note:
Enter note:
Enter note:
Enter note:
Enter note:
Enter note: You are engulfed in poison gas.
You are lethally poisoned!
You feel very sick.
499 ||| Stepping ~*~*~tactically~*~*~ (cloud).
You feel very sick.
Items here: ! ?? [.
There is a lethal amount of poison in your body!
You feel very sick.
There is a lethal amount of poison in your body!
You feel sick.
There is a lethal amount of poison in your body!
You feel sick.
There is a lethal amount of poison in your body!
You feel sick.
There is a lethal amount of poison in your body!
You die...

.......#
#####.....### #
.......#
#000.00¤....# #
########
#.[.¤.¤####.### # #
#0¤0¤¤¤##.....## #
#¤¤0000#..###..#
#0.000.#.#...#.#
#000.¤0##.....#####
#¤0000¤##..\..#....
#.@0¤¤0##.....#....
#0.0¤.0###...#.....
######## ####%.....
#.........
#.........
#.........
#.........
#########. #.


There were no monsters in sight!

Vanquished Creatures
  2 dart slugs (D:1)
  2 ball pythons (D:1)
  An endoplasm (D:1)
  2 giant cockroaches (D:1)
  2 goblins (D:1)
  5 hobgoblins (D:1)
  A quokka (D:1)
  2 bats (D:1)
  3 frilled lizards (D:1)
  3 kobolds (D:1)
  4 rats (D:1)
27 creatures vanquished.

Notes
Turn   | Place    | Note
-------+----------+-------------------------------------------
     0 | D:1      | qw the Deep Elf Hunter began the quest for the Orb.
     0 | D:1      | Reached XP level 1. HP: 12/12 MP: 3/3
     0 | D:1      | 0 ||| qw: Version: 0.3-a-155-g5e7d8dd
     0 | D:1      | 0 ||| qw: Game counter: 325
     0 | D:1      | 0 ||| qw: Melee chars always use a shield: true
     0 | D:1      | 0 ||| qw: God list: Okawaru
     0 | D:1      | 0 ||| qw: Allow faded altars: false
     0 | D:1      | 0 ||| qw: Do Orc after clearing Dungeon:15 true
     0 | D:1      | 0 ||| qw: Do second Lair branch before Depths: true
     0 | D:1      | 0 ||| qw: Lair rune preference: random
     0 | D:1      | 0 ||| qw: Goals: Normal
     0 | D:1      | 0 ||| PLANNING D:1-11
   142 | D:1      | Found Oxacazxeno's One-of-a-Kind Rings.
   159 | D:1      | 159 ||| SHOPLISTING +4 ring of strength (180 gold, have
                  | 18).
   159 | D:1      | 159 ||| SHOPLISTING +7 ring of protection (1242 gold, have
                  | 18).
   159 | D:1      | 159 ||| SHOPLISTING +8 ring of strength (660 gold, have
                  | 18).
   159 | D:1      | 159 ||| SHOPLISTING +9 ring of dexterity (936 gold, have
                  | 18).
   159 | D:1      | 159 ||| SHOPLISTING ring of Roeck {rN+ Str+3 Dex+6} (550
                  | gold, have 18).
   159 | D:1      | 159 ||| SHOPLISTING ring of Yredelemnul's Anger {Int+6
                  | Dex+2 SInv} (616 gold, have 18).
   170 | D:1      | Reached XP level 2. HP: 16/16 MP: 4/4
   175 | D:1      | Reached skill level 6 in Ranged Weapons
   404 | D:1      | Reached XP level 3. HP: 20/20 MP: 5/5
   470 | D:1      | 470 ||| UPGRADING to +0 ring mail.
   480 | D:1      | 480 ||| DROPPING +0 leather armour.
   481 | D:1      | 481 ||| UPGRADING to +0 helmet.
   486 | D:1      | 486 ||| UPGRADING to +0 cloak.
   491 | D:1      | 491 ||| READING scroll labelled BAROTHR URUGIA.
   491 | D:1      | 491 ||| BRANDING +0 shortbow.
   492 | D:1      | 492 ||| READING scroll labelled MYESTR ZUNKIST.
   493 | D:1      | 493 ||| READING scroll labelled RYEREXIFUTT.
   493 | D:1      | 493 ||| IDENTIFYING metallic emerald potion
   494 | D:1      | 494 ||| READING 3 scrolls labelled JUYPHUL WIOTH.
   495 | D:1      | 495 ||| DROPPING scroll of butterflies.
   496 | D:1      | 496 ||| DROPPING potion of berserk rage.
   497 | D:1      | 497 ||| DROPPING 2 scrolls of blinking.
   499 | D:1      | 499 ||| Stepping ~*~*~tactically~*~*~ (cloud).
   501 | D:1      | HP: 5/20 [poisoned by you (poison gas)]
   503 | D:1      | HP: 1/20 [poisoned by you (poison gas)]
   504 | D:1      | Succumbed to their own poison gas

Levels and vault maps discovered:
D:1:      amcnicky_arrival_single_pillar, layout_basic,
          nicolae_shop_unique_rings

Skill      XL: |  1  2 |
---------------+-------+-----
Ranged Weapons | 6 |  6.7
Fighting       | |  1.5
Dodging        | |  2.4
Stealth        | |  1.2

Action                     || total
---------------------------++-------
   Fire: Shortbow          ||    78
    Use: Scroll            ||     4
 Armour: Leather armour    ||    16
  Dodge: Dodged            ||    23

Table legend:
 A = Non-vault XP
 B = Vault XP
 C = Vault XP percentage of total XP
 D = Non-vault monster count
 E = Vault monster count
 F = Vault count percentage of total count
                 A         B        C        D         E       F
            +---------+---------+-------+---------+---------+-------
      Total |      46 |       0 |   0.0 |      27 |       0 |   0.0
            +---------+---------+-------+---------+---------+-------
        D:1 |      46 |       0 |   0.0 |      27 |       0 |   0.0
            +---------+---------+-------+---------+---------+-------
